Map: [ESL] Cosmic Sapphire

Players

SKillous

  • Race: Protoss Protoss
  • League: Grandmaster
  • Spawn Location: 5:00

Cure - Winner!

  • Race: Terran Terran
  • League: Master
  • Spawn Location: 11:00

Event: HomeStory Cup XXII

VOD

Have the link to the VOD?

Description

Time

  • Played on: Dec. 16, 2022, 7:48 a.m.
  • Length: 8:59

All games in this series

Show
View Real Time Build Order
Export as new Build Order

SKillous Protoss 

Build Orders: 1 Gate Expand 

Get SALT Encoding   

  12  0:00  Probe  
  13  0:12  Probe  
  14  0:17  Pylon  
  14  0:24  Probe  
  15  0:35  Gateway  
  15  0:36  Probe (Chrono Boost)  
  16  0:46  Probe (Chrono Boost), Assimilator  
  17  0:52  Probe  
  18  1:04  Probe  
  19  1:16  Probe  
  20  1:24  Cybernetics Core  
  20  1:34  Nexus  
  21  1:42  Pylon  
  21  1:43  Probe  
  21  1:51  Assimilator  
  21  1:56  Probe  
  21  1:58  Adept (Chrono Boost)  
  21  2:00  Warp Gate (Chrono Boost)  
  24  2:08  Probe  
  25  2:20  Adept, Probe  
  28  2:32  Probe  
  29  2:38  Gateway  
  29  2:40  Pylon  
  29  2:44  Probe  
  29  2:46  Probe  
  29  2:50  Stalker  
  33  2:56  Probe  
  34  3:02  Gateway, Probe  
  33  3:08  Probe  
  33  3:09  Shield Battery  
  34  3:14  Probe  
  35  3:20  Probe  
  35  3:26  Probe  
  37  3:32  Probe  
  38  3:34  Stalker x2  
  38  3:38  Probe  
  38  3:40  Robotics Facility  
  43  3:44  Probe (Chrono Boost)  
  46  3:56  Probe (Chrono Boost)  
  46  3:57  Probe (Chrono Boost)  
  43  4:05  Probe x2 (Chrono Boost)  
  43  4:07  Stalker x3  
  49  4:16  Probe (Chrono Boost)  
  51  4:19  Probe (Chrono Boost)  
  51  4:20  Pylon  
  52  4:25  Probe (Chrono Boost)  
  52  4:27  Probe (Chrono Boost)  
  52  4:28  Observer  
  54  4:32  Assimilator  
  54  4:36  Probe (Chrono Boost)  
  55  4:40  Stalker x3  
  55  4:42  Probe, Pylon  
  62  4:47  Pylon  
  62  4:55  Probe (Chrono Boost)  
  59  5:02  Probe (Chrono Boost)  
  59  5:03  Nexus  
  60  5:13  Probe (Chrono Boost)  
  56  5:17  Probe (Chrono Boost)  
  56  5:20  Stalker  
  59  5:24  Twilight Council  
  60  5:28  Probe (Chrono Boost)  
  60  5:33  Probe (Chrono Boost)  
  61  5:38  Probe (Chrono Boost)  
  61  5:41  Probe (Chrono Boost)  
  63  5:43  Probe  
  63  5:52  Probe  
  63  5:55  Charge (Chrono Boost)  
  64  5:59  Probe  
  64  6:04  Probe  
  66  6:05  Gateway  
  66  6:07  Gateway x2  
  66  6:11  Probe  
  67  6:16  Probe x2 (Chrono Boost)  
  67  6:18  Observer, Sentry x2  
  70  6:22  Gateway  
  70  6:24  Gateway  
  74  6:26  Probe (Chrono Boost)  
  74  6:29  Probe (Chrono Boost)  
  77  6:34  Forge, Probe (Chrono Boost)  
  77  6:36  Probe (Chrono Boost)  
  77  6:37  Probe (Chrono Boost)  
  80  6:40  Observer  
  80  6:44  Pylon  
  81  6:48  Shield Battery  
  81  6:51  Zealot x3  
  86  6:55  Probe  
  87  7:01  Pylon  
  87  7:03  Probe  
  87  7:04  Probe  
  87  7:07  Probe, Pylon  
  84  7:12  Zealot x3  
  84  7:14  Zealot  
  84  7:15  Probe  
  93  7:17  Pylon  
  93  7:20  Templar Archives  
  93  7:26  Probe x2  
  93  7:27  Assimilator  
  95  7:34  Zealot x3  
  95  7:35  Zealot  
  102  7:37  Observer (Chrono Boost)  
  103  7:44  Probe  
  103  7:45  Probe x2  
  106  7:54  Zealot x3  
  106  7:58  Observer  
  110  8:01  Zealot x5  
  110  8:02  Probe  
  120  8:15  Pylon x2  
  120  8:17  Gateway, Pylon  
  120  8:18  Pylon  
  120  8:29  Pylon  
  120  8:32  Pylon  
  120  8:33  Probe  
  119  8:38  Zealot x7  
Show
View Real Time Build Order
Export as new Build Order

Cure Terran - Winner!

Build Orders:  

Get SALT Encoding   

  12  0:00  SCV  
  13  0:12  SCV  
  14  0:17  Supply Depot  
  14  0:24  SCV  
  14  0:28  Refinery  
  15  0:38  SCV  
  16  0:45  Barracks  
  16  0:50  SCV  
  17  1:03  SCV  
  18  1:06  Engineering Bay  
  18  1:15  SCV  
  19  1:31  Orbital Command  
  19  1:32  Factory, Marine  
  20  1:43  Supply Depot  
  20  1:50  Barracks Reactor  
  20  1:58  SCV  
  21  2:10  SCV  
  22  2:20  Command Center  
  22  2:29  Hellion x2  
  26  2:34  Starport  
  26  2:41  Supply Depot  
  26  2:42  SCV  
  27  2:52  Hellion  
  27  2:55  SCV  
  30  3:02  Hellion  
  32  3:07  SCV  
  32  3:08  Barracks Tech Lab  
  33  3:15  Medivac  
  35  3:20  SCV  
  35  3:22  Refinery  
  36  3:32  SCV, Widow Mine, Marine x2  
  41  3:36  Orbital Command  
  41  3:44  SCV  
  42  3:50  Marine x2  
  42  3:54  Widow Mine  
  46  3:57  SCV  
  45  4:06  SCV  
  45  4:09  Bunker, SCV  
  43  4:13  Marine x2  
  43  4:14  Supply Depot  
  43  4:15  Siege Tank  
  48  4:19  SCV  
  47  4:25  SCV  
  47  4:31  SCV, Marine  
  49  4:34  Marine  
  49  4:37  SCV, Barracks  
  52  4:43  Supply Depot  
  52  4:47  Siege Tank  
  52  4:48  SCV  
  52  4:49  Marine  
  52  4:51  SCV, Marine  
  55  5:00  SCV  
  55  5:03  SCV  
  55  5:07  Marine  
  57  5:09  Marine  
  57  5:12  SCV  
  59  5:15  SCV  
  57  5:24  SCV, Siege Tank, Starport Tech Lab  
  57  5:26  Barracks Tech Lab  
  57  5:27  SCV  
  62  5:29  Barracks  
  62  5:36  Supply Depot, SCV, Starport Reactor  
  62  5:39  SCV  
  62  5:42  Engineering Bay  
  64  5:45  Marine x2  
  64  5:49  SCV  
  67  5:52  SCV  
  68  5:57  Marine  
  68  5:58  Stimpack  
  68  6:01  SCV  
  68  6:02  Refinery  
  68  6:03  Refinery, Marine x2  
  70  6:07  SCV  
  70  6:08  Terran Infantry Weapons Level 1, Factory Reactor  
  70  6:09  Supply Depot  
  71  6:13  SCV  
  71  6:15  Marauder  
  74  6:20  SCV, Marine x2  
  74  6:22  Supply Depot  
  74  6:25  SCV  
  78  6:27  Combat Shield  
  78  6:31  Marauder  
  78  6:32  Supply Depot  
  80  6:33  Medivac  
  82  6:40  Medivac  
  82  6:42  SCV x2  
  82  6:47  Marauder, Marine x2  
  88  6:48  Widow Mine  
  88  6:49  Widow Mine  
  88  6:54  Marauder  
  95  6:55  Supply Depot x2  
  95  7:05  Marine x2  
  95  7:07  Medivac  
  101  7:08  Marauder  
  101  7:10  Missile Turret  
  101  7:16  Widow Mine x2, Marauder  
  101  7:18  Supply Depot x2, Medivac  
  108  7:25  Marine  
  108  7:26  Marine  
  112  7:30  Marauder  
  112  7:37  Concussive Shells  
  112  7:38  Marauder  
  112  7:39  Widow Mine x2  
  112  7:42  Supply Depot  
  118  7:48  Medivac  
  120  7:54  Marine x2  
  120  7:55  Marauder  
  124  7:59  Marauder  
  124  8:04  Supply Depot  
  126  8:15  Marine  
  126  8:16  Marauder, Marine  
  126  8:17  Command Center  
  130  8:21  Marauder  
  130  8:22  Supply Depot, Widow Mine  
  130  8:25  Medivac  
  136  8:37  Marine  
  136  8:38  Marine  
Tags
 
Add a new tag
Caveats
  • Supply blocks, unpowered buildings, or Contaminate may cause inaccurate times.
  • Supply counts are checked every 10 seconds.